 Dungeon Crawl Stone Soup version 0.23-a0-298-g1df1716405 (webtiles) character file.

31719 seani the Severer (level 13, -5/122 HPs)
             Began as a Minotaur Berserker on Oct 6, 2018.
             Was a High Priest of Trog.
             Slain by a nine-headed hydra (10 damage)
             ... on level 4 of the Lair of Beasts.
             The game lasted 00:57:10 (14934 turns).

seani the Severer (Minotaur Berserker)             Turns: 14934, Time: 00:57:11

Health: -5/122     AC: 20    Str: 26    XL:     13   Next: 27%
Magic:  16/16      EV: 11    Int:  4    God:    Trog [*****.]
Gold:   837        SH:  0    Dex: 14    Spells: 12/12 levels left

rFire    . . .     SeeInvis .   v - +0 battleaxe
rCold    . . .     Gourm    +   (shield currently unavailable)
rNeg     . . .     Faith    .   u - +0 plate armour
rPois    +         Spirit   .   F - +0 hat {MR+}
rElec    .         Reflect  .   E - +1 cloak
rCorr    .         Harm     .   p - +0 pair of gloves
MR       +++..                  (no boots)
Stlth    ..........             n - amulet of the gourmand
HPRegen  1.30/turn              a - ring of poison resistance
MPRegen  0.15/turn              D - ring of Syull {Str+3 Stlth-}

@: berserk cooldown, regenerating, slowed, very slow
A: retaliatory headbutt, horns 2
a: Berserk, Trog's Hand, Brothers in Arms, Renounce Religion


You were on level 4 of the Lair of Beasts.
You worshipped Trog.
Trog was extremely pleased with you.
You were completely stuffed.

You visited 2 branches of the dungeon, and saw 15 of its levels.

You collected 1017 gold pieces.
You spent 180 gold pieces at shops.

Inventory:

Hand Weapons
 v - a +0 battleaxe (weapon)
Missiles
 w - 8 curare-tipped needles (quivered)
Armour
 p - a +0 pair of gloves (worn)
 u - a +0 plate armour (worn)
 E - a +1 cloak (worn)
 F - a +0 hat of magic resistance (worn)
Jewellery
 a - a ring of poison resistance (left hand)
 b - a +6 ring of intelligence
 l - an uncursed ring of positive energy
 n - an amulet of the gourmand (around neck)
 D - the ring of Syull (right hand) {Str+3 Stlth-}
   (You found it on level 10 of the Dungeon)

   [ring of attention]

   It affects your strength (+3).
   It makes you less stealthy.
Wands
 g - a wand of polymorph (15)
 k - a wand of random effects (18)
 x - a wand of enslavement (33)
 G - a wand of flame (35)
 K - a wand of paralysis (22)
Scrolls
 d - 4 scrolls of enchant armour
 h - 3 scrolls of blinking
 i - 4 scrolls of identify
 j - 8 scrolls of remove curse
 o - 3 scrolls of fog
 r - 2 scrolls of magic mapping
 y - a scroll of fear
 B - 3 scrolls of teleportation
 C - 3 scrolls of vulnerability
 J - a scroll of enchant weapon
Potions
 e - 7 potions of curing
 f - 2 potions of brilliance
 m - 2 potions of magic
 q - 2 potions of flight
 s - a potion of invisibility
 t - a potion of haste
 A - a potion of lignification
 H - a potion of might
 I - 2 potions of ambrosia
Miscellaneous
 z - a crystal ball of energy
Comestibles
 c - 25 rations


   Skills:
 + Level 13.4 Fighting
 * Level 16.3 Axes
 + Level 13.2 Armour
 - Level 5.9 Dodging
 + Level 6.3 Evocations


You had 12 spell levels left.
You didn't know any spells.
Your spell library was empty.

Dungeon Overview and Level Annotations

Branches:
Dungeon (11/15)            Temple (0/1) D:6            Lair (4/6) D:11
 Shoals (0/4) Lair:4        Snake (0/4) Lair:4          Orc (0/2) D:11

Altars:
Elyvilon
Fedhas
Gozag
Makhleb
Nemelex Xobeh
Sif Muna
Vehumet
Wu Jian
Yredelemnul

Shops:
D:5 :   D:6 (   D:8 ?   D:9 %


Innate Abilities, Weirdness & Mutations

You reflexively headbutt those who attack you in melee.
You have a pair of horns on your head.


Message History

The nine-headed hydra bites you but does no damage. x4
The nine-headed hydra barely misses you.
The nine-headed hydra bites you but does no damage.
The nine-headed hydra barely misses you.
The nine-headed hydra closely misses you.
The nine-headed hydra bites you.
* * * LOW HITPOINT WARNING * * *
All of the chunks of flesh in your inventory have rotted away.
Your skin crawls.
You feel resistant to hostile enchantments.
You feel somewhat less full.
The nine-headed hydra barely misses you.
The nine-headed hydra bites you!
* * * LOW HITPOINT WARNING * * *
The nine-headed hydra bites you but does no damage.
The nine-headed hydra barely misses you.
The nine-headed hydra bites you!
* * * LOW HITPOINT WARNING * * *
The nine-headed hydra bites you!
You die...

#### ###
#P.####+..##
###..........#
#............#
##.......<....####
#..>.....รท....P..#
##..............#.
##.....<..........
#......D@.<...###.
##.#.#.#+P.##P#
####.....## ##
#.....# #.>...#
#...%### #.......
#..........
#............


You could see a nine-headed hydra.

Vanquished Creatures
  Gastronok (Lair:2)
  Josephine (Lair:4)
  5 hydras
  A two-headed ogre (D:9)
  Erica (D:10)
  A skeletal warrior (D:11)
  An unseen horror (D:11)
  Pikel (D:4)
  A cyclops (D:11)
  A manticore (Lair:4)
  6 black mambas
  A guardian serpent (Lair:3)
  2 rime drakes
  4 spiny frogs
  3 komodo dragons
  2 trolls
  A hornet (D:9)
  2 dream sheep (D:10)
  4 hippogriffs
  6 blink frogs (Lair:1)
  Sigmund (D:4)
  26 yaks
  2 wyverns
  4 wraiths (Lair:4)
  2 hungry ghosts
  3 basilisks
  The ghost of HELP the Insei, an amateur OpTm (D:4)
  A soldier ant (D:11)
  9 water moccasins
  Duvessa (D:6)
  5 porcupines
  3 ice beasts
  4 orc warriors
  4 slaves
  3 black bears
  3 sky beasts
  2 phantoms
  7 centaurs
  9 wolves (Lair:2)
  7 ogres
  A necrophage (D:7)
  5 big kobolds
  4 crocodiles
  10 bullfrogs
  Dowan (D:6)
  4 scorpions
  4 wights (D:8)
  A howler monkey (D:9)
  4 crimson imps
  4 centaur zombies
  A quasit (D:10)
  A hound (D:9)
  9 orc priests
  Crazy Yiuf (D:6)
  A jelly (D:11)
  11 orc wizards
  2 centaur skeletons
  A bullfrog skeleton (D:4)
  Natasha (thrice) (D:3 D:6)
  3 iguanas
  4 worker ants
  10 adders
  A shadow imp (D:8)
  2 oozes
  5 worms
  6 leopard geckos
  52 orcs
  5 bats
  8 giant cockroaches
  8 goblins
  6 hobgoblins
  4 jackals
  5 quokkas
  3 ball pythons
  4 frilled lizards
  A jackal skeleton (D:6)
  15 kobolds
  A quokka skeleton (D:4)
  8 rats
  4 fungi
  4 plants
369 creatures vanquished.

Vanquished Creatures (collateral kills)
  2 skeletal warriors (D:11)
2 creatures vanquished.

Vanquished Creatures (others)
  2 fungi
2 creatures vanquished.

Grand Total: 373 creatures vanquished

Notes
Turn   | Place    | Note
-------+----------+-------------------------------------------
     0 | D:1      | seani the Minotaur Berserker began the quest for the Orb.
     0 | D:1      | Reached XP level 1. HP: 19/19 MP: 0/0
   208 | D:1      | Reached skill level 4 in Axes
   211 | D:1      | Reached XP level 2. HP: 22/27 MP: 1/1
   381 | D:1      | Found a sparkling altar of Nemelex Xobeh.
   729 | D:2      | Reached XP level 3. HP: 28/33 MP: 2/2
   751 | D:2      | Reached ** piety under Trog
  1208 | D:2      | Found an opulent altar of Gozag.
  1472 | D:3      | Reached skill level 5 in Axes
  1472 | D:3      | Reached XP level 4. HP: 29/40 MP: 3/3
  2017 | D:3      | Found a blossoming altar of Fedhas.
  2309 | D:4      | Reached XP level 5. HP: 47/47 MP: 4/4
  2321 | D:4      | Noticed Sigmund
  2342 | D:4      | Killed Sigmund
  2342 | D:4      | Reached skill level 5 in Fighting
  2342 | D:4      | Reached skill level 6 in Axes
  2342 | D:4      | Reached XP level 6. HP: 38/56 MP: 5/5
  2460 | D:4      | Noticed a slave
  2460 | D:4      | Noticed Natasha
  2460 | D:4      | Noticed a slave
  2462 | D:4      | Noticed Pikel
  2462 | D:4      | Noticed a slave
  2482 | D:4      | Noticed a slave
  2486 | D:3      | Killed Natasha
  2486 | D:3      | Reached *** piety under Trog
  2656 | D:3      | Found a blossoming altar of Fedhas.
  2979 | D:4      | Found a radiant altar of Vehumet.
  2979 | D:4      | Found an ornate altar of the Wu Jian Council.
  2979 | D:4      | Found a burning altar of Makhleb.
  3091 | D:3      | Killed a slave
  3173 | D:4      | Killed a slave
  3175 | D:4      | Killed a slave
  3175 | D:4      | Killed a slave
  3177 | D:4      | Killed Pikel
  3177 | D:4      | Reached skill level 8 in Axes
  3177 | D:4      | Reached skill level 5 in Armour
  3177 | D:4      | Reached XP level 7. HP: 48/63 MP: 6/6
  3382 | D:4      | Found a runed door.
  3388 | D:4      | Noticed HELP's ghost (amateur OpTm)
  3394 | D:4      | Killed HELP's ghost
  3465 | D:5      | Entered Level 5 of the Dungeon
  3978 | D:5      | Found Kitonwoq's Book Shop.
  4111 | D:5      | Reached XP level 8. HP: 71/71 MP: 7/7
  4297 | D:5      | Reached skill level 9 in Axes
  4798 | D:6      | Noticed Natasha
  4805 | D:6      | Killed Natasha
  4809 | D:6      | Reached skill level 10 in Axes
  4810 | D:6      | Noticed Duvessa
  4818 | D:6      | Noticed Dowan
  4825 | D:6      | Killed Duvessa
  4830 | D:6      | Killed Dowan
  5016 | D:6      | Reached **** piety under Trog
  5016 | D:6      | Reached XP level 9. HP: 56/81 MP: 8/8
  5192 | D:6      | Found Ekiejar's Antique Weapon Shop.
  5315 | D:6      | Found a deep blue altar of Sif Muna.
  5338 | D:6      | Found a staircase to the Ecumenical Temple.
  5542 | D:6      | Noticed Natasha
  5550 | D:6      | Killed Natasha
  5564 | D:6      | Found a runed door.
  5580 | D:6      | Noticed Crazy Yiuf
  5584 | D:6      | Killed Crazy Yiuf
  5705 | D:7      | Reached skill level 11 in Axes
  6217 | D:7      | Found a white marble altar of Elyvilon.
  6710 | D:8      | Found Veok Anka's Magic Scroll Shoppe.
  6716 | D:8      | Bought a scroll of fear for 42 gold pieces
  6716 | D:8      | Bought a scroll of noise for 12 gold pieces
  6716 | D:8      | Bought a scroll of teleportation for 36 gold pieces
  6716 | D:8      | Bought a scroll of vulnerability for 90 gold pieces
  6733 | D:8      | Reached skill level 12 in Axes
  7114 | D:8      | Found a basalt altar of Yredelemnul.
  7143 | D:8      | Reached XP level 10. HP: 91/91 MP: 9/9
  7214 | D:8      | Reached ***** piety under Trog
  7563 | D:9      | Found Feheg's Food Emporium.
  7657 | D:9      | Reached skill level 13 in Axes
  7662 | D:9      | Received a gift from Trog
  7948 | D:9      | Reached skill level 10 in Fighting
  8003 | D:9      | Noticed a two-headed ogre
  8012 | D:9      | Killed a two-headed ogre
  8154 | D:9      | Reached skill level 10 in Armour
  8439 | D:10     | Entered Level 10 of the Dungeon
  8562 | D:10     | Got a pitted marble ring
  8565 | D:10     | Identified the ring of Syull {Str+3 Stlth-} (You found it
                  | on level 10 of the Dungeon)
  8579 | D:10     | Noticed Erica
  8593 | D:10     | Killed Erica
  8593 | D:10     | Reached skill level 14 in Axes
  8961 | D:10     | Reached XP level 11. HP: 81/101 MP: 10/10
  9111 | D:10     | Noticed a three-headed hydra
  9120 | D:10     | Killed a four-headed hydra
  9509 | D:11     | Found a staircase to the Lair.
  9795 | D:11     | Found a staircase to the Orcish Mines.
  9880 | D:11     | Reached skill level 1 in Evocations
  9932 | D:11     | Reached skill level 5 in Dodging
 10152 | D:11     | Killed an unseen horror
 10651 | D:11     | Noticed a skeletal warrior
 10653 | D:11     | Noticed a skeletal warrior
 10655 | D:11     | Noticed a skeletal warrior
 10676 | D:11     | Killed a skeletal warrior
 10677 | D:11     | Killed a skeletal warrior
 10680 | D:11     | Killed a skeletal warrior
 11117 | Lair:1   | Entered Level 1 of the Lair of Beasts
 11117 | Lair:1   | Noticed a four-headed hydra
 11124 | Lair:1   | Reached XP level 12. HP: 103/112 MP: 12/14
 11134 | Lair:1   | Killed a nine-headed hydra
 12312 | Lair:2   | Reached skill level 15 in Axes
 12313 | Lair:2   | Noticed Gastronok
 12338 | Lair:2   | Killed Gastronok
 12338 | Lair:2   | Reached skill level 5 in Evocations
 13624 | Lair:3   | Received a gift from Trog
 13873 | Lair:3   | Noticed a four-headed hydra
 13881 | Lair:3   | Killed a six-headed hydra
 13881 | Lair:3   | Reached XP level 13. HP: 122/122 MP: 16/16
 14613 | Lair:4   | Found a staircase to the Snake Pit.
 14613 | Lair:4   | Found a staircase to the Shoals.
 14624 | Lair:3   | Reached skill level 16 in Axes
 14754 | Lair:4   | Noticed Josephine
 14897 | Lair:4   | Killed Josephine
 14934 | Lair:4   | HP: 5/122 [nine-headed hydra (10)]
 14934 | Lair:4   | Slain by a nine-headed hydra

Vault maps used:
D:1:      nicolae_arrival_memento_mori, nemelex_altar_shiori
D:2:      nicolae_gozag_seed_capital
D:3:      fedhas_altar_3
D:4:      gammafunk_temple_overflow_claw, first_ration,
          ebering_ghost_reflecting_pool, lightli_corner_chamber, uniq_pikel,
          uniq_natasha, uniq_sigmund
D:5:      serial_shops, shop, grunt_decor_cap
D:6:      lemuel_crystal_altar, minmay_temple_entry_enclosed_plants,
          serial_shops, shop, uniq_crazy_yiuf_cottage, uniq_duvessa
D:7:      elyvilon_altar_1
D:8:      old_standard_altar, serial_shops, nicolae_shop_crystal
D:9:      serial_shops, shop_coins
D:10:     hangedman_ranch, uniq_erica
D:11:     lair_entry_dummy, hiddenorc1_lemuel
Lair:1:   grunt_megastairs_2, lemuel_fruit_fields
Lair:2:   grunt_megastairs_5, uniq_gastronok
Lair:3:   patterned_corridor
Lair:4:   minmay_shoals_entry_beasts, minmay_snake_entry_spellcaster,
          ebering_ghost_xom, uniq_josephine

Skill      XL: |  1  2  3  4  5  6  7  8  9 10 11 12 13 |
---------------+----------------------------------------+-----
Axes           | 4 5 6 8 10 12 14 15 16 | 16.3
Fighting       | 4 5 6 7 9 10 12 13 | 13.4
Armour         | 3 4 5 6 7 9 10 11 12 13 | 13.2
Dodging        | 5 |  5.9
Evocations     | 4 5 6 |  6.3

Action                   |  1- 3 |  4- 6 |  7- 9 | 10-12 | 13-15 || total
-------------------------+-------+-------+-------+-------+-------++-------
Melee: Hand axe          |    74 |    71 |   225 |   363 |       ||   733
       Headbutt          |    11 |    11 |    58 |   150 |    10 ||   240
       Unarmed           |     8 |       |       |       |       ||     8
       Battleaxe         |       |       |       |   196 |    51 ||   247
Invok: Berserk           |       |     1 |       |     5 |     2 ||     8
       Trog's Hand       |       |     1 |       |     3 |     2 ||     6
       Brothers in Arms  |       |       |       |     2 |     1 ||     3
  Use: Scroll            |       |     9 |     6 |     6 |     2 ||    23
  Eat: Chunk             |     2 |     2 |    28 |    42 |     8 ||    82
       Ration            |       |     1 |       |       |       ||     1
Armor: Animal skin       |     7 |     1 |       |       |       ||     8
       Ring mail         |       |    12 |     2 |       |       ||    14
       Chain mail        |       |       |     5 |       |       ||     5
       Plate armour      |       |       |   124 |   335 |   127 ||   586
Dodge: Dodged            |    53 |    48 |    57 |   219 |    79 ||   456

Table legend:
 A = Non-vault XP
 B = Vault XP
 C = Vault XP percentage of total XP
 D = Non-vault monster count
 E = Vault monster count
 F = Vault count percentage of total count
                 A         B        C        D         E       F
            +---------+---------+-------+---------+---------+-------
      Total |   35010 |   10303 |  22.7 |     315 |      44 |  12.3
            +---------+---------+-------+---------+---------+-------
        D:1 |      18 |       0 |   0.0 |      12 |       0 |   0.0
        D:2 |      59 |       0 |   0.0 |      20 |       0 |   0.0
        D:3 |     114 |      36 |  24.0 |      28 |       1 |   3.4
        D:4 |      88 |    1036 |  92.2 |       7 |       3 |  30.0
        D:5 |     274 |       0 |   0.0 |       6 |       0 |   0.0
        D:6 |    1368 |     269 |  16.4 |      30 |       3 |   9.1
        D:7 |    1256 |       0 |   0.0 |      25 |       0 |   0.0
        D:8 |    1296 |       0 |   0.0 |      23 |       0 |   0.0
        D:9 |    3317 |       0 |   0.0 |      30 |       0 |   0.0
       D:10 |    2438 |    2922 |  54.5 |      26 |       9 |  25.7
       D:11 |    7104 |     251 |   3.4 |      40 |      17 |  29.8
     Lair:1 |    6644 |      97 |   1.4 |      25 |       1 |   3.8
     Lair:2 |    5147 |    2666 |  34.1 |      27 |       2 |   6.9
     Lair:3 |    4759 |     434 |   8.4 |      13 |       1 |   7.1
     Lair:4 |    1128 |    2592 |  69.7 |       3 |       7 |  70.0
            +---------+---------+-------+---------+---------+-------
